 Dungeon Crawl Stone Soup version 0.21-a0-8-gcf94df6 (webtiles) character file.

123 Naow the Chopper (level 4, 0/39 HPs)
             Began as a Minotaur Berserker on May 23, 2017.
             Was a Priest of Trog.
             Slain by a centaur (5 damage)
             ... on level 3 of the Dungeon.
             The game lasted 00:02:52 (3024 turns).

Naow the Chopper (Minotaur Berserker)               Turns: 3024, Time: 00:02:53

Health: 0/39       AC:  2    Str: 22    XL:     4   Next: 79%
Magic:  3/3        EV: 12    Int:  4    God:    Trog [***...]
Gold:   114        SH:  0    Dex: 10    Spells: 3/3 levels left

rFire    . . .     SeeInvis .   a - +0 hand axe
rCold    . . .     Gourm    .   (no shield)
rNeg     . . .     Faith    .   b - +0 animal skin
rPois    .         Spirit   .   (helmet restricted)
rElec    .         Reflect  .   (no cloak)
rCorr    .         Harm     .   (no gloves)
MR       ++...                  (no boots)
Stlth    +.........             (no amulet)
Regen    1.2/turn               (no ring)
MPRegen  0.1/turn               (no ring)

@: regenerating, slowed, very slow
A: retaliatory headbutt, horns 2
a: Berserk, Trog's Hand, Burn Spellbooks, Renounce Religion


You were on level 3 of the Dungeon.
You worshipped Trog.
Trog was most pleased with you.
You were near starving.

You visited 1 branch of the dungeon, and saw 3 of its levels.

You collected 114 gold pieces.

Inventory:

Hand Weapons
 a - a +0 hand axe (weapon)
Armour
 b - a +0 animal skin (worn)
 l - a +0 pair of gloves
Jewellery
 n - an uncursed amulet of the gourmand {unknown}
Scrolls
 e - a scroll of blinking {unknown}
 f - 4 scrolls of identify {unknown}
 h - 2 scrolls of teleportation {unknown}
 k - a scroll of immolation {unknown}
Potions
 d - a potion of ambrosia {unknown}
 i - 3 potions of curing {unknown}
 j - a potion of haste {unknown}
 m - 2 potions of might {unknown}
 o - a potion of cancellation {unknown}
 p - a potion of flight {unknown}
Comestibles
 c - 2 bread rations
 g - 2 meat rations


   Skills:
 - Level 3.6 Fighting
 + Level 6.7 Axes
 - Level 2.4 Armour
 - Level 2.1 Dodging


You had 3 spell levels left.
You didn't know any spells.

Dungeon Overview and Level Annotations

Branches:
Dungeon (3/15)

Altars:
Gozag


Innate Abilities, Weirdness & Mutations

You reflexively headbutt those who attack you in melee.
You have a pair of horns on your head.


Message History

You feel the effects of Trog's Hand fading.
The kobold shouts!
The hobgoblin shouts!
The orc shouts!
The centaur unwields an uncursed shortbow of freezing.
The centaur hits you.
* * * LOW HITPOINT WARNING * * *
The centaur closely misses you.
Things that are here:
a club; a hobgoblin corpse You hit the centaur but do no damage.
The centaur barely misses you. You furiously retaliate!
You headbutt the centaur, but do no damage.
The centaur barely misses you. The kobold closely misses you.
You furiously retaliate!
You headbutt the kobold, but do no damage.
The centaur misses you.
You hit the centaur.
You headbutt the centaur, but do no damage.
The centaur is lightly wounded.
You miss the kobold. The centaur hits you.
You die...

...... ....... .#.#..#
........ .#.#..# ......
....... ..... #.....#
##.#.# # #...#.#
#..#.##.# #...#.#
#####(#K....# ).....#
#.....@co.# ......##
#.....((..# ....#..#
#.....(...# ....#..#
#####.#.### ....#..#
###..#.#...
.#.##..#####...........
.#..............#......
...##...####.##...#....
##.###... ...#..#.#....


You could see a centaur, an orc and a kobold.

Vanquished Creatures
  3 gnolls (D:1)
  An adder (D:3)
  An ooze (D:1)
  3 worms
  2 dart slugs (D:2)
  3 leopard geckos
  An orc (D:3)
  9 giant cockroaches
  2 goblins (D:1)
  8 hobgoblins
  4 jackals
  A ball python (D:1)
  3 bats
  3 frilled lizards (D:2)
  8 kobolds
  11 rats
63 creatures vanquished.

Notes
Turn   | Place    | Note
-------+----------+-------------------------------------------
     0 | D:1      | Naow the Minotaur Berserker began the quest for the Orb.
     0 | D:1      | Reached XP level 1. HP: 19/19 MP: 0/0
    86 | D:1      | Reached skill level 4 in Axes
   192 | D:1      | Reached XP level 2. HP: 11/26 MP: 1/1
   404 | D:1      | Reached skill level 5 in Axes
   404 | D:1      | Reached XP level 3. HP: 19/31 MP: 2/2
   917 | D:1      | Reached ** piety under Trog
  1490 | D:1      | Reached XP level 4. HP: 39/39 MP: 3/3
  1705 | D:2      | Reached skill level 6 in Axes
  2475 | D:2      | Found an opulent altar of Gozag.
  2627 | D:3      | Reached *** piety under Trog
  3011 | D:3      | Noticed a centaur
  3022 | D:3      | HP: 1/39 [centaur (6)]
  3024 | D:3      | Slain by a centaur

Vault maps used:
D:1:      onia_arrival_larder, nrook_mini_vaults, st_stairs_13
D:2:      lemuel_coloured_pillars_altar, first_bread
D:3:      uniq_natasha

Skill      XL: |  1  2  3  4 |
---------------+-------------+-----
Axes           | 4 5 6 |  6.7
Fighting       | |  3.6
Armour         | |  2.4
Dodging        | |  2.1

Action                   |  1- 3 |  4- 6 || total
-------------------------+-------+-------++-------
Melee: Hand axe          |    62 |    66 ||   128
       Headbutt          |    16 |     8 ||    24
Invok: Berserk           |     1 |     2 ||     3
       Trog's Hand       |       |     1 ||     1
  Eat: Chunk             |     3 |     5 ||     8
Armor: Animal skin       |     6 |     9 ||    15
Dodge: Dodged            |    29 |    43 ||    72
